 Dungeon Crawl Stone Soup version 0.28-a0-1080-g05a166d0ed (webtiles) character file.

Game seed: 3384783823234605679

5577 ytrimaz the Martial Artist (level 10, -7/82 HPs)
             Began as an Octopode Transmuter on Dec 9, 2021.
             Was an Initiate of Ashenzari.
             Mangled by an eight-headed hydra (14 damage)
             ... on level 8 of the Dungeon.
             The game lasted 00:14:57 (14190 turns).

ytrimaz the Martial Artist (Octopode Transmuter)   Turns: 14190, Time: 00:14:58

Health: -7/82      AC:  8    Str: 10    XL:     10   Next: 72%
Magic:  15/18      EV: 10    Int: 20    God:    Ashenzari [......]
Gold:   273        SH:  0    Dex: 12    Spells: 12/22 levels left

rFire   . . .      SeeInvis .     - Unarmed
rCold   + + +      Faith    .   (shield currently unavailable)
rNeg    . . .      Spirit   .   (helmet currently unavailable)
rPois   +          Reflect  .   (no amulet)
rElec   .          Harm     .   e - ring of Ashenzari's Anxiety {Will+, Fort, Melee} (curse)
rCorr   .          Rampage  .   j - ring of protection from cold
Will    +....                   l - ring of protection from fire
Stlth   +.........              (no ring)
HPRegen 0.23/turn               (no ring)
MPRegen 0.16/turn               (no ring)
                                (no ring)
                                (no ring)

@: ice-form
A: freezing attack, boosted hp, almost no armour, amphibious, 8 rings, large,
(camouflage 1), (gelatinous body 1), (nimble swimmer 1), (tentacles), low mp 1
a: End Transformation, Renounce Religion, Shatter the Chains


You were on level 8 of the Dungeon.
You worshipped Ashenzari.
Ashenzari was noncommittal.
You were a creature of crystalline ice.
You visited 2 branches of the dungeon, and saw 9 of its levels.
You also visited: Ossuary.

You collected 462 gold pieces.
You spent 189 gold pieces at shops.

Inventory:

Missiles
 a - 2 throwing nets
Jewellery
 e - a cursed ring of Ashenzari's Anxiety (left front paw) {Will+, Fort, Melee}
   (You bought it in a shop on level 1 of the Dungeon)

   [ring of willpower]

   Will:      It increases your willpower.
   It has a curse which improves the following skills: Fortitude: Shields.
   Melee Combat: Short Blades, Long Blades, Axes, Maces & Flails, Polearms,
   Staves and Unarmed Combat.
 j - a ring of protection from cold (right front paw)
 l - a ring of protection from fire (on tentacle)
Wands
 i - a wand of mindburst (7)
 k - a wand of flame (14)
Scrolls
 o - 2 scrolls of fear
 q - a scroll of immolation
Potions
 b - a potion of heal wounds {unknown}
 c - 2 potions of lignification
 d - 3 potions of cancellation
 f - 2 potions of brilliance
 g - 4 potions of haste
 h - a potion of flight
 m - 3 potions of curing
 n - a potion of attraction
 p - a potion of berserk rage
 r - 2 potions of degeneration {unknown}
 s - a potion of magic {unknown}
 t - a potion of resistance {unknown}


   Skills:
 * Level 6.5 Fighting
 - Level 2.0 Dodging
 + Level 10.0(10.5) Unarmed Combat
 * Level 6.9 Spellcasting
 * Level 7.5 Transmutations
 + Level 2.2 Ice Magic
 - Level 1.0 Poison Magic
 + Level 0.4 Evocations


You had 12 spell levels left.
You knew the following spells:

 Your Spells              Type           Power      Damage    Failure   Level
a - Beastly Appendage     Tmut           74%        N/A       1%          1
b - Wereblood             Tmut           37%        N/A       1%          2
c - Spider Form           Tmut/Pois      24%        N/A       4%          3
d - Ice Form              Ice/Tmut       26%        N/A       13%         4

Your spell library contained the following spells:

 Spells                   Type           Power      Damage    Failure   Level
 Passwall                 Tmut/Erth      18%        N/A       3%          2
 Magic Dart               Conj           24%        1d4       10%         1
 Searing Ray              Conj           12%        2d4       14%         2
 Swiftness                Air            6%         N/A       28%         3
 Hailstorm                Conj/Ice       11%        3d5       52%         4
 Fulminant Prism          Conj/Hex       3%         3d6       67%         4
 Eringya's Noxious Bog    Tmut/Pois      12%        N/A       94%         6
 Summon Forest            Summ/Tloc      3%         N/A       95%         5
 Simulacrum               Ice/Necr       5%         N/A       100%        6
 Summon Hydra             Summ           3%         N/A       100%        7


Dungeon Overview and Level Annotations

Branches:
Dungeon (8/15)             Temple (1/1) D:7            Lair (0/6) D:8
Ossuary (visited)

Altars:
Ashenzari
Cheibriados
Dithmenos
Elyvilon
Fedhas
Gozag
Hepliaklqana
Kikubaaqudgha
Makhleb
Nemelex Xobeh
Okawaru
Qazlal
Ru
Sif Muna
Trog
Uskayaw
Vehumet
Wu Jian
Xom
Yredelemnul
Zin
The Shining One
Beogh

Shops:
D:1 *

Annotations:
D:3 1 runed translucent door, Crazy Yiuf


Innate Abilities, Weirdness & Mutations

You are a creature of crystalline ice.
You have a powerful freezing melee attack.
Your maximum health is increased.
Your armour is entirely melded.
You are incapable of wielding weapons or throwing items.
You cannot wear most types of armour.
You are amphibious.
You can wear up to eight rings at the same time.
((Your skin changes colour to match your surroundings (Stealth+).))
((Your rubbery body absorbs attacks. (AC +1, EV +1)))
((You are camouflaged near water. (Stealth+)))
((You have tentacles for arms and can constrict up to eight enemies at once.))
Your magical capacity is low. (-10% MP)


Message History

You start resting.
HP restored.
As you open the door, it creaks loudly!
There is an open door here.
You see here a killer bee corpse.
An eight-headed hydra is nearby!
An eight-headed hydra is nearby!
An eight-headed hydra is nearby!
Casting: Ice Form (dangerous; 13% risk of failure)
Confirm with . or Enter, or press ? or * to list all spells.
You turn into a creature of crystalline ice.
The eight-headed hydra roars!
Casting: Ice Form (dangerous; 13% risk of failure)
Confirm with . or Enter, or press ? or * to list all spells.
Okay, then.
The eight-headed hydra misses you. x2; The eight-headed hydra bites you.
The eight-headed hydra bites you but does no damage. x4
The eight-headed hydra bites you!
Unknown command.
You punch the eight-headed hydra!
The eight-headed hydra seems to slow down.
You freeze the eight-headed hydra.
The eight-headed hydra is lightly wounded.
The eight-headed hydra bites you. The eight-headed hydra bites you!
The eight-headed hydra bites you. x2; The eight-headed hydra bites you!
The eight-headed hydra bites you but does no damage.
The eight-headed hydra bites you.
The eight-headed hydra bites you but does no damage.
You hit the eight-headed hydra. You freeze the eight-headed hydra.
The eight-headed hydra is moderately wounded.
Unknown command.
You hit the eight-headed hydra. You freeze the eight-headed hydra.
The eight-headed hydra is moderately wounded.
The eight-headed hydra barely misses you.
The eight-headed hydra bites you! x2
* * * LOW HITPOINT WARNING * * *
The eight-headed hydra bites you!
* * * LOW HITPOINT WARNING * * *
The eight-headed hydra bites you!
You die...

..._)#.# #.#........P..P.....
....)))# #..............P....
....)#)# #...................
.....#.# #.P.................
.....#.## #.........>.........
.....#..######'..........P.......
#######.#.............P.[..P..)##
......#.#.......D..............#
......#.#.......Y.P............##
......#............P.P.........##
......##....................P..##
......##........†.....P.......))†
......###.####'###.............##
.............#.# #......P........
#########.##.#.# ###......#######
######.....#.#.# #####.##.....#
....##.##..#.#.# #######'##'###.#


You could see an eight-headed hydra (slow).

Vanquished Creatures
  Prince Ribbit (D:8)
  4 yaks (D:7)
  Sigmund (D:2)
  7 water moccasins
  5 orc warriors
  4 black bears (D:8)
  A necrophage (D:5)
  A hornet zombie (D:8)
  2 ogres
  3 centaurs
  2 elf zombies (Ossuary)
  2 bullfrogs
  A water moccasin zombie (D:6)
  6 scorpions
  A wyvern skeleton (D:7)
  10 killer bees (D:8)
  3 howler monkeys (D:8)
  A bullfrog zombie (D:5)
  6 centaur zombies (Ossuary)
  2 jellies
  3 hounds
  5 orc priests
  3 centaur skeletons
  4 human zombies (Ossuary)
  An iguana (D:6)
  5 orc wizards
  A hound skeleton (D:4)
  3 mummies (Ossuary)
  A howler monkey zombie (D:7)
  7 gnolls
  7 adders
  2 shadow imps
  2 adder skeletons (D:4)
  2 worms
  3 dart slugs
  42 orcs
  7 endoplasms
  8 goblins
  8 hobgoblins
  A quokka (D:3)
  8 ball pythons
  7 bats
  2 frilled lizards
  7 kobolds
  A quokka zombie (D:7)
  4 rats
  A rat zombie (D:7)
208 creatures vanquished.

Vanquished Creatures (collateral kills)
  An orc (D:4)
1 creature vanquished.

Vanquished Creatures (others)
  An orc wizard (D:7)
  3 orcs (D:7)
  45 fungi
  48 plants (D:8)
97 creatures vanquished.

Grand Total: 306 creatures vanquished

Notes
Turn   | Place    | Note
-------+----------+-------------------------------------------
     0 | D:1      | ytrimaz the Octopode Transmuter began the quest for the
                  | Orb.
     0 | D:1      | Reached XP level 1. HP: 13/13 MP: 3/3
   415 | D:1      | Reached XP level 2. HP: 14/18 MP: 5/5
   544 | D:1      | Found Addei's Assorted Antiques.
   867 | D:1      | Learned a level 2 spell: Wereblood
  1193 | D:1      | Reached XP level 3. HP: 23/23 MP: 3/6
  1309 | D:1      | Learned a level 3 spell: Spider Form
  1793 | D:2      | Noticed Sigmund
  1810 | D:2      | Killed Sigmund
  1811 | D:2      | Reached skill level 4 in Unarmed Combat
  1811 | D:2      | Reached XP level 4. HP: 18/29 MP: 1/8
  1811 | D:2      | Reached XP level 5. HP: 21/34 MP: 1/9
  2017 | D:2      | Found a faded altar of an unknown god.
  2046 | D:2      | Found a basalt altar of Yredelemnul.
  2736 | D:3      | Reached XP level 6. HP: 36/39 MP: 10/10
  2865 | D:3      | Found a runed translucent door.
  2866 | D:3      | Noticed Crazy Yiuf
  3622 | D:3      | Gained mutation: Your mind is acute. (Int +2) [potion of
                  | mutation]
  4183 | D:1      | Bought a twisted granite ring for 120 gold pieces
  5343 | D:5      | Entered Level 5 of the Dungeon
  5516 | D:1      | Bought a scroll labelled HYCLIE YSUIRO for 24 gold pieces
  5516 | D:1      | Bought a scroll labelled FEUBOEK OCZEW for 24 gold pieces
  5516 | D:1      | Bought a glowing purple potion for 21 gold pieces
  5566 | D:2      | Identified a scroll of acquirement
  5566 | D:2      | Acquired a ring of protection from cold
  5922 | D:5      | Reached skill level 5 in Unarmed Combat
  5922 | D:5      | Reached XP level 7. HP: 42/45 MP: 3/12
  5986 | D:5      | Found a hazy altar of Hepliaklqana.
  6114 | D:5      | Reached skill level 1 in Poison Magic
  6486 | D:5      | Identified the +5 rapier of Conscience {spect, Str+3}
  6548 | D:5      | Reached skill level 6 in Unarmed Combat
  6548 | D:5      | Reached XP level 8. HP: 7/54 MP: 8/14
  7968 | D:6      | Reached skill level 5 in Transmutations
  8142 | D:6      | Reached skill level 7 in Unarmed Combat
  8752 | D:7      | Learned a level 4 spell: Ice Form
  8768 | D:7      | Reached XP level 9. HP: 42/59 MP: 12/16
  8786 | D:7      | HP: 1/59 [orc warrior (13)]
  8996 | D:7      | Found a sand-covered staircase.
  9004 | Ossuary  | Entered an ossuary
  9133 | Ossuary  | Reached skill level 5 in Spellcasting
  9193 | Ossuary  | Reached skill level 8 in Unarmed Combat
  9217 | Ossuary  | Reached skill level 5 in Fighting
 10014 | D:7      | HP: 2/73 [yak (13)]
 10469 | D:7      | Identified the +5 hand axe "Dedul" {vorpal, Drain Fly rF++
                  | rN+}
 10506 | D:7      | Reached skill level 9 in Unarmed Combat
 10764 | D:7      | Found a staircase to the Ecumenical Temple.
 10875 | Temple   | Entered the Ecumenical Temple
 10930 | Temple   | Became a worshipper of Ashenzari the Shackled
 11132 | D:7      | Reached skill level 1 in Ice Magic
 11132 | D:7      | Reached XP level 10. HP: 61/68 MP: 19/19
 11521 | D:7      | Lost mutation: Your mind is acute. (Int +2) [potion of
                  | mutation]
 11521 | D:7      | Gained mutation: You are weak. (Str -2) [potion of
                  | mutation]
 11521 | D:7      | Gained mutation: You possess an exceptional clarity of
                  | mind. [potion of mutation]
 11521 | D:7      | Gained mutation: You are dopey. (Int -2) [potion of
                  | mutation]
 11521 | D:7      | Gained mutation: You are partially covered in iridescent
                  | scales. (AC +2) [potion of mutation]
 11522 | D:7      | Lost mutation: You are partially covered in iridescent
                  | scales. (AC +2) [potion of mutation]
 11522 | D:7      | Lost mutation: You possess an exceptional clarity of mind.
                  | [potion of mutation]
 11522 | D:7      | Gained mutation: You are partially covered in iridescent
                  | scales. (AC +2) [potion of mutation]
 11523 | D:7      | Lost mutation: You are weak. (Str -2) [potion of mutation]
 11523 | D:7      | Lost mutation: You are partially covered in iridescent
                  | scales. (AC +2) [potion of mutation]
 11523 | D:7      | Gained mutation: You are somewhat resistant to further
                  | mutation. [potion of mutation]
 11524 | D:7      | Lost mutation: You are dopey. (Int -2) [potion of mutation]
 11524 | D:7      | Lost mutation: You are somewhat resistant to further
                  | mutation. [potion of mutation]
 11524 | D:7      | Gained mutation: Your magical capacity is low. (-10% MP)
                  | [potion of mutation]
 11663 | D:8      | Noticed Prince Ribbit
 11673 | D:8      | Killed Prince Ribbit
 12333 | D:8      | Found a staircase to the Lair.
 12748 | D:8      | Noticed an eight-headed hydra
 13591 | D:8      | Reached skill level 10 in Unarmed Combat
 14190 | D:8      | Mangled by an eight-headed hydra

Illustrated notes

Levels and vault maps discovered:
D:1:      dpeg_arrival_tiny_h, layout_basic, serial_shops,
          nicolae_shop_temple_entry_statues_fountains, grunt_decor_cap
D:2:      layout_loops_cross, hellmonk_ecumenical_altar_pennies_from_heaven,
          basic_altar, uniq_sigmund
D:3:      layout_basic, uniq_crazy_yiuf_cottage
D:4:      layout_gridville, minivault_24
D:5:      layout_loops_cross, overflow_temple_1_default,
          small_statue_intersection
D:6:      layout_basic
D:7:      layout_cave_pods, lemuel_temple_firewalk_b, enter_ossuary_4,
          minmay_strange_pillars
D:8:      layout_basic, due_lair_maze_entry_diamond, special_room
          [special_room_orc], uniq_prince_ribbit1
Temple:   compressed_dpeg_circular_temple

Skill      XL: |  1  2  3  4  5  6  7  8  9 10 |
---------------+-------------------------------+-----
Fighting       | 2 3 4 5 6 |  6.5
Unarmed Combat | 4 5 6 7 9 10 | 10.0
Spellcasting   | 3 4 6 |  6.9
Transmutations | 3 4 5 6 7 |  7.5
Poison Magic   | 1 |  1.0
Ice Magic      | 1 2 |  2.2
Dodging        | |  2.0
Evocations     | |  0.4

Action                   |  1- 3 |  4- 6 |  7- 9 | 10-12 || total
-------------------------+-------+-------+-------+-------++-------
Melee: Unarmed           |    73 |   116 |   285 |   176 ||   650
       Constrict         |    17 |    20 |    19 |     3 ||    59
       Tentacles         |     6 |    12 |    16 |     3 ||    37
       Punch             |     2 |     4 |     2 |     2 ||    10
       Kick              |       |     2 |     3 |       ||     5
 Cast: Beastly Appendage |     2 |     4 |     2 |       ||     8
       Wereblood         |     6 |     3 |    11 |     5 ||    25
       Spider Form       |     2 |     3 |     9 |       ||    14
       Ice Form          |       |       |    10 |    15 ||    25
Invok: Curse Item        |       |       |       |     1 ||     1
Evoke: Wand              |       |       |     3 |     1 ||     4
  Use: Scroll            |       |     9 |     9 |       ||    18
       Potion            |       |     1 |     5 |     6 ||    12
 Stab: Sleeping          |     7 |     5 |     1 |     1 ||    14
Armor: Skin              |     6 |    12 |    60 |    71 ||   149
Dodge: Dodged            |    38 |    85 |   173 |   126 ||   422

Table legend: (Time is in decaauts)
 A = Elapsed time spent in this place.
 B = Non-inter-level travel time spent in this place.
 C = Inter-level travel time spent in this place.
 D = Time resting spent in this place.
 E = Time spent auto-exploring this place.
 F = Levels seen in this place.
 G = Mean time per level.
                   A        B        C        D        E       F      G
               +--------+--------+--------+--------+--------+-----+--------+
         Total |  14107 |  13297 |    810 |   2315 |   9018 |  10 | 1410.7 |
       Dungeon |  13255 |  12469 |    786 |   1823 |   8888 |   8 | 1656.9 |
        Temple |    147 |    123 |     24 |      0 |     91 |   1 |  147.0 |
       Ossuary |    704 |    704 |      0 |    492 |     39 |   1 |  704.0 |
               +--------+--------+--------+--------+--------+-----+--------+

Top non-repeatable levels by time:
     D:7: 2367 daAuts
     D:8: 2218 daAuts
     D:3: 1805 daAuts
     D:1: 1731 daAuts
     D:5: 1465 daAuts
     D:6: 1421 daAuts
     D:2: 1237 daAuts
     D:4: 1008 daAuts
 Ossuary: 704 daAuts
  Temple: 147 daAuts
